 Dungeon Crawl Stone Soup version 0.30-a0-778-g2ef04afb54 (webtiles) character file.

Game seed: 131078149337258540

42 scionoferis the Vexing (level 3, -10/28 HPs)
             Began as a Demigod Hexslinger on Feb 16, 2023.
             Killed by divine providence
             ... invoked by an orc priest
              (15 damage)
             ... on level 2 of the Dungeon.
             The game lasted 00:02:39 (1233 turns).

scionoferis the Vexing (Demigod Hexslinger)         Turns: 1233, Time: 00:02:40

Health: -10/28     AC:  2    Str: 11    XL:     3   Next: 17%
Magic:  6/6        EV: 18    Int: 15    God:
Gold:   71         SH:  0    Dex: 18    Spells: 3/4 levels left

rFire   . . .      SeeInvis .    a - +1 sling
rCold   . . .      Faith    .    (no shield)
rNeg    . . .      Spirit   .    c - +0 robe
rPois   .          Reflect  .    (no helmet)
rElec   .          Harm     .    (no cloak)
rCorr   .          Rampage  .    (no gloves)
Will    .....                    (no boots)
Stlth   ++                       (no amulet)
HPRegen 0.24/turn                e - +5 ring of evasion
MPRegen 0.10/turn                j - ring of flight

@: flying
A: high MP 1, forlorn, divine attributes
a: no special abilities


You were on level 2 of the Dungeon.
You visited 1 branch of the dungeon, and saw 2 of its levels.

You collected 71 gold pieces.


Innate Abilities, Weirdness & Mutations

You have an increased reservoir of magic. (+10% MP)
You shall have no god before yourself.
Your divine heritage dramatically boosts your attributes as you level up.


   Skills:
 + Level 1.5 Fighting
 * Level 0.5 Long Blades
 - Level 1.7 Ranged Weapons
 * Level 2.6 Dodging
 + Level 1.2 Stealth
 - Level 1.0 Spellcasting
 - Level 2.6 Hexes


You had 3 spell levels left.
You knew the following spells:

 Your Spells              Type           Power      Damage    Failure   Level
a - Slow                  Hex            32%        N/A       9%          1

Your spell library contained the following spells:

 Spells                   Type           Power      Damage    Failure   Level
 Sublimation of Blood     Necr           0%         N/A       36%         2
 Wereblood                Tmut           0%         N/A       36%         2
 Inner Flame              Hex/Fire       4%         N/A       38%         3
 Portal Projectile        Hex/Tloc       8%         N/A       38%         3
 Cause Fear               Hex            4%         N/A       63%         4
 Summon Hydra             Summ           0%         N/A       100%        7

Inventory:

Hand Weapons
 a - a +1 sling (weapon)
 g - a +0 dagger
   (You took it off a goblin on level 1 of the Dungeon)
 i - a +0 short sword
   (You took it off a kobold on level 1 of the Dungeon)
 u - a +0 rapier
   (You took it off a goblin on level 2 of the Dungeon)
Armour
 c - a +0 robe (worn)
Jewellery
 e - a +5 ring of evasion (left hand)
   (You found it on level 1 of the Dungeon)
 j - a ring of flight (right hand)
   (You found it on level 1 of the Dungeon)
Scrolls
 b - 2 scrolls of poison
 d - a scroll of enchant weapon {unknown}
 h - a scroll of identify {unknown}
 k - 2 scrolls of teleportation {unknown}
 l - 2 scrolls of vulnerability {unknown}
 n - a scroll of acquirement {unknown}
Potions
 f - a potion of berserk rage {unknown}
 m - 3 potions of resistance {unknown}
 o - a potion of invisibility {unknown}
 p - a potion of haste {unknown}
 q - 2 potions of attraction {unknown}
 r - a potion of experience {unknown}
 s - a potion of degeneration {unknown}
 t - a potion of curing {unknown}

Dungeon Overview and Level Annotations

Branches:
Dungeon (2/15)

.).# ########..##
##o## #..........#
..)†### #..........#
##.o..# #..........#
##...# #..........#
##).###.......^..#
####..##.......o..#
#...).......###o###
#...........###@###
#...........#.....#
##...........#.....#
.............#.....#
...................#
##..........##.....#
#..........##[.>..#
#........).##.....#
#..........##.....#


You could see an orc priest and an orc.


Message History

Welcome, scionoferis the Demigod Hexslinger.
Will you be the one to retrieve the marvelous Orb of Zot from the depths?
Press ? for a list of commands and other information.
Found a staircase leading out of the dungeon.
You open the door.
There is an open door here.
You open the door.
There is an open door here.
You open the door.
There is an open door here.
There is an open door here.
d - a scroll labelled TERIBESAYR
Found 6 stones.
As you open the door, it creaks loudly!
There is an open door here.
You now have 7 gold pieces.
You now have 26 gold pieces (gained 19).
b - 2 scrolls of poison (gained 1)
e - a +5 ring of evasion
Found a war axe.
e - a +5 ring of evasion (left hand)
You see here a +0 war axe.
f - a bubbling green potion A bat comes into view.
The bat misses you.
You shoot a sling bullet. The sling bullet hits the bat.
The bat is moderately wounded.
The bat hits you. The bat misses you.
You shoot a sling bullet.
The sling bullet closely misses the bat.
The bat misses you. The bat closely misses you.
You shoot a sling bullet. The sling bullet misses the bat.
The bat barely misses you.
You shoot a sling bullet. The sling bullet hits the bat.
You kill the bat!
No target in view!
No target in view!
No target in view!
HP restored.
A hobgoblin comes into view.
The hobgoblin shouts!
A hobgoblin comes into view.
You shoot a sling bullet.
The sling bullet closely misses the hobgoblin.
The hobgoblin shouts!
You shoot a sling bullet. The sling bullet hits the hobgoblin.
You kill the hobgoblin!
Your Fighting skill increases to level 1!
You shoot a sling bullet.
The sling bullet completely misses the hobgoblin.
You shoot a sling bullet. The sling bullet hits the hobgoblin.
The hobgoblin is lightly wounded.
You shoot a sling bullet.
The sling bullet barely misses the hobgoblin.
The hobgoblin completely misses you.
You shoot a sling bullet.
The sling bullet closely misses the hobgoblin.
The hobgoblin barely misses you. The hobgoblin closely misses you.
You shoot a sling bullet.
The sling bullet closely misses the hobgoblin.
The hobgoblin closely misses you.
You shoot a sling bullet.
The sling bullet closely misses the hobgoblin.
The hobgoblin closely misses you.
You shoot a sling bullet.
The sling bullet barely misses the hobgoblin.
The hobgoblin hits you. The hobgoblin completely misses you.
You shoot a sling bullet. The sling bullet hits the hobgoblin.
The hobgoblin is severely wounded.
The hobgoblin hits you.
You shoot a sling bullet. The sling bullet hits the hobgoblin.
You kill the hobgoblin!
Your Dodging skill increases to level 2!
No target in view!
No target in view!
You see here a hobgoblin corpse.
A goblin comes into view. It is wielding a +0 dagger.
You shoot a sling bullet. The sling bullet hits the goblin.
The goblin is moderately wounded.
You shoot a sling bullet. The sling bullet hits the goblin.
You kill the goblin!
No target in view!
No target in view!
Found a scroll labelled XYADDI KIRAIMOA.
Things that are here:
a +0 dagger; a goblin corpse
g - a +0 dagger A quokka comes into view.
You see here a scroll labelled XYADDI KIRAIMOA.
You shoot a sling bullet. The sling bullet hits the quokka.
The quokka is almost dead.
The quokka bites you but does no damage.
You shoot a sling bullet. The sling bullet misses the quokka.
The quokka misses you. The quokka barely misses you.
You shoot a sling bullet. The sling bullet hits the quokka.
You kill the quokka!
No target in view!
No target in view!
h - a scroll labelled XYADDI KIRAIMOA
Found a stone staircase leading down.
There is a stone staircase leading down here.
Found 3 stones.
You see here 3 stones.
A kobold comes into view. It is wielding a +0 short sword.
You shoot a sling bullet. The sling bullet hits the kobold.
You kill the kobold!
No target in view!
No target in view!
Things that are here:
a +0 short sword; 3 stones; a kobold corpse
i - a +0 short sword
j - a ring of flight
k - a scroll labelled BEJYING MUNU You fly up into the air.
j - a ring of flight (right hand)
A bat comes into view.
You shoot a sling bullet.
The sling bullet hits the bat but does no damage.
You shoot a sling bullet.
The sling bullet closely misses the bat.
The bat closely misses you.
You shoot a sling bullet.
The sling bullet closely misses the bat.
The bat misses you.
You shoot a sling bullet. The sling bullet barely misses the bat.
The bat closely misses you.
You shoot a sling bullet. The sling bullet hits the bat.
The bat is severely wounded.
The bat completely misses you. The bat barely misses you.
You shoot a sling bullet. The sling bullet hits the bat.
You kill the bat!
No target in view!
No target in view!
l - 2 scrolls labelled TATIAMMOJUN A ball python comes into view.
The ball python hisses angrily.
You shoot a sling bullet. The sling bullet hits the ball python.
The ball python is severely wounded.
The ball python completely misses you. The ball python closely misses you.
You shoot a sling bullet.
The sling bullet barely misses the ball python.
The ball python closely misses you. The ball python grabs you.
The ball python constricts you.
You shoot a sling bullet. The sling bullet hits the ball python.
You kill the ball python!
No target in view!
No target in view!
Found a dagger.
m - 2 metallic emerald potions A ball python comes into view.
Found a scroll labelled BEJYING MUNU.
You see here a +0 dagger.
You shoot a sling bullet. The sling bullet hits the ball python!
You kill the ball python!
You have reached level 2!
Found 5 stones.
k - 2 scrolls labelled BEJYING MUNU (gained 1)
You see here a ball python corpse.
n - a scroll labelled UFEOPPI GUIMNI You now have 37 gold pieces (gained 11).
A ball python comes into view.
You see here a fuming sapphire potion.
You shoot a sling bullet. The sling bullet hits the ball python.
The ball python hisses angrily.
The ball python is severely wounded.
An endoplasm comes into view.
You shoot a sling bullet. The sling bullet hits the ball python.
You kill the ball python!
The endoplasm jiggles.
You shoot a sling bullet.
The sling bullet barely misses the endoplasm.
You shoot a sling bullet.
The sling bullet completely misses the endoplasm.
You shoot a sling bullet. The sling bullet hits the endoplasm.
The endoplasm is heavily wounded.
You shoot a sling bullet. The sling bullet hits the endoplasm.
You kill the endoplasm!
No target in view!
No target in view!
o - a fuming sapphire potion
p - a fizzy black potion You see here a ball python corpse.
A ball python comes into view.
You shoot a sling bullet. The sling bullet hits the ball python.
You kill the ball python!
No target in view!
No target in view!
A dart slug comes into view.
You shoot a sling bullet. The sling bullet hits the dart slug.
The dart slug is moderately wounded.
The dart slug launches a dart at you. The slug dart misses you.
You shoot a sling bullet. The sling bullet hits the dart slug.
The dart slug is severely wounded.
The dart slug launches a dart at you. The slug dart hits you.
You shoot a sling bullet. The sling bullet hits the dart slug.
The dart slug is severely wounded.
You shoot a sling bullet. The sling bullet hits the dart slug.
You kill the dart slug!
Found a flail.
You see here a +0 flail.
q - a golden potion You see here a ball python corpse.
You see here a ball python corpse.
Found a stone staircase leading down.
An endoplasm comes into view.
Found a stone staircase leading down.
You shoot a sling bullet. The sling bullet hits the endoplasm.
The endoplasm is heavily wounded.
You shoot a sling bullet. The sling bullet hits the endoplasm.
You kill the endoplasm!
No target in view!
No target in view!
No target in view!
There is a stone staircase leading down here.
Done exploring.
Done exploring.
Search for what [? for help]? d: You fly downwards.
The ball python hisses angrily.
Found a scroll labelled YKABLUS POERCH and a scroll labelled TATIAMMOJUN.
There is a stone staircase leading up here.
You fly upwards.
There is a stone staircase leading down here.
There is a stone staircase leading down here.
You fly downwards.
Found 16 gold pieces.
Found a stone staircase leading down.
There is a stone staircase leading up here.
You now have 53 gold pieces (gained 16).
Found an escape hatch in the floor.
Found a stone staircase leading up.
q - 2 golden potions (gained 1)
r - a murky coppery potion
There is an escape hatch in the floor here.
s - a coppery potion
t - a fizzy golden potion A bat and a ball python come into view.
You see here a book of Blood.
You pick up a book of Blood and begin reading...
You add the spells Sublimation of Blood, Wereblood and Summon Hydra to your library.
You shoot a sling bullet. The sling bullet barely misses the bat.
You hear an angry hiss.
The ball python hisses angrily.
A ball python comes into view.
The bat closely misses you. The bat completely misses you.
The bat barely misses you. The bat misses you. The bat closely misses you.
The bat hits you but does no damage. The bat barely misses you.
The bat attacks as you move away! The bat misses you.
The bat barely misses you. The bat completely misses you. The bat misses you.
The bat attacks as you move away! The bat closely misses you.
The bat barely misses you. The bat closely misses you.
The bat completely misses you. The bat misses you.
The ball python attacks as you move away!
The ball python closely misses you. The ball python barely misses you.
You shoot a sling bullet.
The sling bullet barely misses the ball python.
The ball python bites you. The ball python closely misses you.
You shoot a sling bullet. The sling bullet hits the ball python.
You kill the ball python!
The bat hits you but does no damage. The ball python closely misses you.
The ball python grabs you. The ball python constricts you.
You shoot a sling bullet. The sling bullet hits the ball python.
You kill the ball python!
The bat closely misses you. The bat misses you.
Your Stealth skill increases to level 1!
You shoot a sling bullet.
The sling bullet closely misses the bat.
The bat closely misses you.
You shoot a sling bullet. The sling bullet barely misses the bat.
The bat misses you.
No target in view!
No target in view!
HP restored.
The bat hits you but does no damage.
You shoot a sling bullet. The sling bullet hits the bat.
The bat is severely wounded.
The bat misses you. The bat barely misses you.
You shoot a sling bullet.
The sling bullet completely misses the bat.
The bat completely misses you.
You shoot a sling bullet. The sling bullet misses the bat.
The bat hits you but does no damage. The bat misses you.
You shoot a sling bullet.
The sling bullet closely misses the bat.
The bat closely misses you.
You shoot a sling bullet. The sling bullet barely misses the bat.
The bat hits you but does no damage. The bat closely misses you.
You shoot a sling bullet. The sling bullet barely misses the bat.
The bat misses you.
No target in view!
No target in view!
The bat closely misses you.
You shoot a sling bullet. The sling bullet misses the bat.
The bat hits you.
You shoot a sling bullet. The sling bullet barely misses the bat.
The bat hits you but does no damage.
You shoot a sling bullet.
The sling bullet closely misses the bat.
The bat barely misses you.
You shoot a sling bullet.
The sling bullet hits the bat but does no damage.
The bat is heavily wounded.
The bat closely misses you.
You shoot a sling bullet. The sling bullet barely misses the bat.
The bat barely misses you.
You shoot a sling bullet.
The sling bullet completely misses the bat.
The bat closely misses you.
You shoot a sling bullet. The sling bullet hits the bat.
You kill the bat!
No target in view!
Okay, then.
Unknown command.
Found a ring mail and a whip.
Found an escape hatch in the ceiling.
Found a stone staircase leading down.
You now have 59 gold pieces (gained 6).
m - 3 metallic emerald potions (gained 1)
You now have 71 gold pieces (gained 12).
A bat comes into view.
You shoot a sling bullet. The sling bullet hits the bat.
You kill the bat!
You hear a shout!
No target in view!
No target in view!
A kobold comes into view. It is wielding a +0 club.
You shoot a sling bullet.
The sling bullet closely misses the kobold.
You shoot a sling bullet. The sling bullet hits the kobold.
The kobold is moderately wounded.
You hear a shout!
The kobold throws a stone.
The stone closely misses you.
You hear a shout!
You shoot a sling bullet.
The sling bullet hits the kobold but does no damage.
The kobold throws a stone.
The stone hits you but does no damage.
The kobold throws a stone.
The stone closely misses you.
You shoot a sling bullet.
The sling bullet barely misses the kobold.
You shoot a sling bullet.
The sling bullet closely misses the kobold.
The kobold hits you with a +0 club.
You shoot a sling bullet. The sling bullet misses the kobold.
The kobold hits you but does no damage. x2
You shoot a sling bullet. The sling bullet hits the kobold.
You kill the kobold!
No target in view!
No target in view!
No target in view!
No target in view!
A kobold comes into view. It is wielding a +0 club.
You shoot a sling bullet. The sling bullet hits the kobold.
You kill the kobold!
No target in view!
No target in view!
Things that are here:
a +0 club; 5 stones; a kobold corpse You see here a +0 club.
A goblin is nearby!
You shoot a sling bullet. The goblin shouts!
The sling bullet hits the goblin.
The goblin is severely wounded.
You hear a shout! x2
You shoot a sling bullet.
The sling bullet barely misses the goblin.
You shoot a sling bullet. The sling bullet misses the goblin.
You shoot a sling bullet. The sling bullet misses the goblin.
You shoot a sling bullet.
The sling bullet barely misses the goblin.
The goblin closely misses you.
You shoot a sling bullet.
The sling bullet barely misses the goblin.
The goblin hits you with a +0 rapier.
You shoot a sling bullet. The sling bullet hits the goblin.
You kill the goblin!
A dart slug comes into view.
A kobold comes into view. It is wielding a +0 whip.
Things that are here:
a +0 rapier; a goblin corpse You shoot a sling bullet.
The sling bullet hits the dart slug.
The dart slug is severely wounded.
You shoot a sling bullet.
The sling bullet completely misses the dart slug.
The dart slug launches a dart at you. The slug dart hits you.
You shoot a sling bullet. The sling bullet hits the dart slug.
You kill the dart slug!
You shoot a sling bullet. The sling bullet hits the kobold.
The kobold is moderately wounded.
A kobold comes into view. It is wielding a +0 short sword.
You shoot a sling bullet.
The sling bullet closely misses the kobold.
The kobold shouts!
The sling bullet hits the kobold.
The kobold is severely wounded.
You hear a shout!
You shoot a sling bullet.
The sling bullet barely misses the kobold.
The kobold hits you with a +0 whip.
You shoot a sling bullet.
The sling bullet barely misses the kobold.
The kobold hits you with a +0 whip. The kobold completely misses you.
You shoot a sling bullet. The sling bullet hits the kobold.
You kill the kobold!
A dart slug comes into view.
You shoot a sling bullet. The sling bullet hits the kobold.
You kill the kobold!
The dart slug launches a dart at you. The slug dart misses you.
You have reached level 3!
Your experience leads to a dramatic increase in your attributes!
Increase (S)trength, (I)ntelligence, or (D)exterity?
You feel agile. x4
You shoot a sling bullet. The sling bullet hits the dart slug.
The dart slug is severely wounded.
You shoot a sling bullet. The sling bullet hits the dart slug.
The dart slug is almost dead.
The dart slug launches a dart at you. The slug dart hits you.
You are too injured to fight recklessly!
You are too injured to fight recklessly!
You are too injured to fight recklessly!
You are too injured to fight recklessly!
Aiming: Slow (safe; 9% risk of failure)
Press: ? - help, Q - select action, (/) - cycle Shift-Dir - straight line, f/p - dart slug
Aim: a dart slug (almost dead, chance to affect: 59%)
The dart slug resists with significant effort.
The dart slug launches a dart at you. The slug dart hits you.
Fire: a) +1 sling
Press: ? - help, Q - select action, (/) - cycle Shift-Dir - straight line, f/p - dart slug
Aim: a dart slug (almost dead, 93% to hit)
You shoot a sling bullet. The sling bullet hits the dart slug.
You kill the dart slug!
u - a +0 rapier Unknown command.
You start resting.
Magic restored.
You start resting.
HP restored.
You see here a +0 whip.
You shoot a sling bullet.
The sling bullet closely misses the ball python.
The ball python hisses angrily.
The ball python bites you. The ball python barely misses you.
You shoot a sling bullet.
The sling bullet barely misses the ball python.
The ball python bites you. The ball python closely misses you.
You shoot a sling bullet.
The sling bullet closely misses the ball python.
The ball python closely misses you. x2; The ball python misses you.
The ball python completely misses you.
You shoot a sling bullet.
The sling bullet barely misses the ball python.
The ball python completely misses you. The ball python grabs you.
The ball python constricts you. The ball python closely misses you.
The ball python constricts you.
You shoot a sling bullet.
The sling bullet barely misses the ball python.
The ball python misses you. The ball python constricts you.
You shoot a sling bullet.
The sling bullet closely misses the ball python.
The ball python closely misses you. The ball python constricts you.
The ball python completely misses you. The ball python constricts you.
You shoot a sling bullet. The sling bullet hits the ball python.
You kill the ball python!
No target in view!
A bat comes into view.
You shoot a sling bullet. The sling bullet hits the bat!
You kill the bat!
No target in view!
No target in view!
Found a stone staircase leading down.
Things that are here:
a +0 short sword; a stone; a ball python corpse 2 orcs come into view.
The orc shouts!
You hear a shout! x2
An orc comes into view. It is wielding a +0 hand axe.
You shoot a sling bullet.
The sling bullet completely misses the orc.
You see here a goblin corpse.
You shoot a sling bullet. The sling bullet hits the orc.
The orc is lightly wounded.
You shoot a sling bullet. The sling bullet barely misses the orc.
You shoot a sling bullet. The sling bullet hits the orc.
The orc is heavily wounded.
You shoot a sling bullet. The sling bullet hits the orc.
The orc is severely wounded.
You shoot a sling bullet.
The sling bullet closely misses the orc.
The orc completely misses you.
You shoot a sling bullet. The sling bullet barely misses the orc.
The orc misses you.
You shoot a sling bullet. The sling bullet hits the orc.
The orc is heavily wounded.
You hear a shout!
The orc completely misses you.
You hear a shout!
You shoot a sling bullet. The sling bullet barely misses the orc.
The sling bullet hits the orc.
You kill the orc!
The orc completely misses you. The orc misses you.
You shoot a sling bullet. The sling bullet hits the orc.
You kill the orc!
No target in view!
No target in view!
No target in view!
An orc priest comes into view. It is wielding a +0 flail.
The orc priest moves out of view.
Things that are here:
a +0 hand axe; 13 gold pieces; an orc corpse You shoot a sling bullet.
The sling bullet hits the orc but does no damage.
You shoot a sling bullet.
The sling bullet closely misses the orc.
The orc hits you with a +0 hand axe. The orc barely misses you.
You shoot a sling bullet.
The sling bullet closely misses the orc.
The orc hits you with a +0 hand axe.
The orc priest looks satisfied for a moment.
Fire: a) +1 sling
Press: ? - help, Q - select action, (/) - cycle Shift-Dir - straight line, f - orc priest, p - orc
Aim: an orc priest, wielding a +0 flail and wearing a +0 ring mail (63% to hit)
You shoot a sling bullet.
The sling bullet hits the orc but does no damage.
The orc barely misses you.
Fire: a) +1 sling
Press: ? - help, Q - select action, (/) - cycle Shift-Dir - straight line, f/p - orc priest
Aim: an orc priest, wielding a +0 flail and wearing a +0 ring mail (63% to hit)
You shoot a sling bullet. The sling bullet hits the orc.
The orc is heavily wounded.
The orc hits you with a +0 hand axe.
The orc priest mumbles some strange prayers to Beogh against you.
Beogh smites you!
* * * LOW HITPOINT WARNING * * *
The orc completely misses you.
Fire: a) +1 sling
Press: ? - help, Q - select action, (/) - cycle Shift-Dir - straight line, f/p - orc priest
Aim: an orc priest, wielding a +0 flail and wearing a +0 ring mail (63% to hit)
You shoot a sling bullet.
The sling bullet hits the orc but does no damage.
The orc is heavily wounded.
The orc barely misses you.
The orc priest invokes the aid of Beogh against you.
Beogh smites you!
Ouch! That really hurt!
You die...

Skill      XL: |  1  2 |
---------------+-------+-----
Fighting       | 1 |  1.5
Dodging        | 2 |  2.6
Stealth        | 1 |  1.2
Long Blades    | |  0.5
Ranged Weapons | |  1.7
Spellcasting   | |  1.0
Hexes          | |  2.6

Action                     || total
---------------------------++-------
   Fire: Sling             ||   115
   Cast: Slow              ||     1
 Armour: Robe              ||    10
  Dodge: Dodged            ||    82

Levels and vault maps discovered:
D:1:      evilmike_arrival_rings, layout_loops_ring
D:2:      cheibrodos_greedy_goblins, layout_rooms, kennysheep_nondescript,
          uniq_crazy_yiuf_cottage

Notes
Turn   | Place    | Note
-------+----------+-------------------------------------------
     0 | D:1      | scionoferis the Demigod Hexslinger began the quest for the
                  | Orb.
     0 | D:1      | Reached XP level 1. HP: 15/15 MP: 4/4
   180 | D:1      | Reached skill level 1 in Fighting
   189 | D:1      | Reached skill level 2 in Dodging
   442 | D:1      | Reached XP level 2. HP: 23/23 MP: 5/5
   981 | D:2      | Reached skill level 1 in Stealth
  1094 | D:2      | Reached XP level 3. HP: 15/28 MP: 6/6
  1233 | D:2      | Killed from afar by an orc priest

Vanquished Creatures
  3 dart slugs (D:1 D:2)
  2 orcs (D:2)
  5 bats (D:1 D:2)
  2 endoplasms (D:1)
  2 goblins (D:1 D:2)
  2 hobgoblins (D:1)
  A quokka (D:1)
  7 ball pythons (D:1 D:2)
  5 kobolds (D:1 D:2)
29 creatures vanquished.

Table legend: (Time is in decaauts)
 A = Elapsed time spent in this place.
 B = Non-inter-level travel time spent in this place.
 C = Inter-level travel time spent in this place.
 D = Time resting spent in this place.
 E = Time spent auto-exploring this place.
 F = Levels seen in this place.
 G = Mean time per level.
                   A        B        C        D        E       F      G
               +--------+--------+--------+--------+--------+-----+--------+
         Total |   1268 |   1267 |      1 |     76 |    927 |   2 |  634.0 |
       Dungeon |   1268 |   1267 |      1 |     76 |    927 |   2 |  634.0 |
               +--------+--------+--------+--------+--------+-----+--------+

Top non-repeatable levels by time:
     D:1: 877 daAuts
     D:2: 391 daAuts

Table legend:
 A = Non-vault XP
 B = Vault XP
 C = Vault XP percentage of total XP
 D = Non-vault monster count
 E = Vault monster count
 F = Vault count percentage of total count
                 A         B        C        D         E       F
            +---------+---------+-------+---------+---------+-------
      Total |      60 |       0 |   0.0 |      29 |       0 |   0.0
            +---------+---------+-------+---------+---------+-------
        D:1 |      27 |       0 |   0.0 |      14 |       0 |   0.0
        D:2 |      33 |       0 |   0.0 |      15 |       0 |   0.0
            +---------+---------+-------+---------+---------+-------
